 Dungeon Crawl Stone Soup version 0.24-a0-335-g06ca16a (webtiles) character file.

Game seed: 9198528625248851833

112 Borgoz the Twirler (level 4, 0/27 HPs)
             Began as a Gargoyle Gladiator on May 19, 2019.
             Slain by a goblin (3 damage)
             ... on level 2 of the Dungeon.
             The game lasted 00:02:03 (1254 turns).

Borgoz the Twirler (Gargoyle Gladiator)             Turns: 1254, Time: 00:02:04

Health: 0/27       AC: 11    Str: 18    XL:     4   Next: 95%
Magic:  4/4        EV: 11    Int:  8    God:
Gold:   139        SH:  0    Dex: 12    Spells: 3/3 levels left

rFire    . . .     SeeInvis +   a - +0 quarterstaff
rCold    . . .     Gourm    .   (shield currently unavailable)
rNeg     + . .     Faith    .   l - +0 scale mail
rPois    ∞         Spirit   .   c - +0 helmet
rElec    +         Reflect  .   (no cloak)
rCorr    .         Harm     .   (no gloves)
MR       .....                  (no boots)
Stlth    ..........             (no amulet)
HPRegen  0.09/turn              j - ring of see invisible
MPRegen  0.09/turn              (no ring)

@: slowed, very slow
A: negative energy resistance 1, electricity resistance, unbreathing,
petrification resistance, rot immunity, AC +3
a: no special abilities


You were on level 2 of the Dungeon.
You were hungry.

You visited 1 branch of the dungeon, and saw 2 of its levels.

You collected 139 gold pieces.

Inventory:

Hand Weapons
 a - a +0 quarterstaff (weapon)
Missiles
 d - a throwing net (quivered)
Armour
 c - a +0 helmet (worn)
 l - a +0 scale mail (worn)
Jewellery
 j - a ring of see invisible (left hand)
Scrolls
 e - 2 scrolls of identify {unknown}
 h - a scroll of teleportation {unknown}
 i - 2 scrolls of remove curse {unknown}
 k - a scroll of enchant weapon {unknown}
 m - 2 scrolls of fear {unknown}
Potions
 b - a potion of mutation {unknown}
 g - a potion of haste {unknown}
 o - a potion of agility {unknown}
 p - a potion of ambrosia {unknown}
Comestibles
 f - 4 rations
 n - 2 chunks of flesh


   Skills:
 + Level 2.9 Fighting
 * Level 4.0 Staves
 - Level 1.7 Throwing
 + Level 1.6 Armour
 * Level 3.2 Dodging


You had 3 spell levels left.
You didn't know any spells.
Your spell library was empty.

Dungeon Overview and Level Annotations

Branches:
Dungeon (2/15)

Altars:
Cheibriados


Innate Abilities, Weirdness & Mutations

You are resistant to torment.
Your stone body is resilient. (AC +3)
You are immune to poison.
You resist negative energy. (rN+)
You are resistant to electric shocks. (rElec)
You can survive without breathing.
You are immune to petrification.
You are immune to rotting.


Message History

You are feeling hungry.
You hit Natasha.
Natasha is lightly wounded.
Natasha struggles against the net.
The goblin hits you.
* * * LOW HITPOINT WARNING * * *
Natasha struggles against the net.
The goblin hits you but does no damage.
You strike the helpless Natasha from behind!
You hit Natasha.
Natasha is moderately wounded.
Natasha struggles against the net.
The goblin hits you but does no damage.
Natasha struggles against the net.
The net rips apart, and Natasha comes free!
Natasha claws you.
* * * LOW HITPOINT WARNING * * *
You thump Natasha!
You kill Natasha!
Natasha screams in pain as she dies!
Your Staves skill increases to level 4!
The goblin hits you.
You die...

#.#####.###.#
#...........#
#######.##### #### #.#
#...## ..# ##.....##
..#####.......# ....
........... ...#
#..†...... ..#
##.@g......
..###.#.......#
#.##.###.....## . #.#.##
#...## .######
#.#.###...#.#
......####....(......(.
....#...............###.
###.##########.#.#.##
...........# #....


You could see a goblin.

Vanquished Creatures
  Terence (D:2)
  Natasha (D:2)
  2 adders (D:2)
  A dart slug (D:1)
  2 leopard geckos (D:1)
  3 giant cockroaches
  A hobgoblin (D:1)
  4 jackals
  4 quokkas (D:2)
  A ball python (D:1)
  6 bats
  5 frilled lizards
  2 goblins (D:1)
  2 kobolds (D:2)
  8 rats
43 creatures vanquished.

Notes
Turn   | Place    | Note
-------+----------+-------------------------------------------
     0 | D:1      | Borgoz the Gargoyle Gladiator began the quest for the Orb.
     0 | D:1      | Reached XP level 1. HP: 12/12 MP: 1/1
   173 | D:1      | Reached XP level 2. HP: 12/17 MP: 2/2
   708 | D:1      | Reached XP level 3. HP: 18/22 MP: 3/3
   886 | D:2      | Reached skill level 1 in Armour
  1026 | D:2      | Noticed Terence
  1049 | D:2      | Killed Terence
  1049 | D:2      | Reached XP level 4. HP: 26/27 MP: 4/4
  1062 | D:2      | Found a snail-covered altar of Cheibriados.
  1239 | D:2      | Noticed Natasha
  1254 | D:2      | Killed Natasha
  1254 | D:2      | Reached skill level 4 in Staves
  1254 | D:2      | Slain by a goblin

Levels and vault maps discovered:
D:1:      roderic_dead_forest, layout_basic, minmay_lizard_king
D:2:      layout_loops_ring, lemuel_tele_altar, uniq_terence, uniq_natasha

Skill      XL: |  1  2  3  4 |
---------------+-------------+-----
Armour         | 1 |  1.6
Dodging        | 3 |  3.2
Staves         | 4 |  4.0
Fighting       | |  2.9
Throwing       | |  1.7

Action                   |  1- 3 |  4- 6 || total
-------------------------+-------+-------++-------
Melee: Quarterstaff      |   161 |    30 ||   191
Throw: Throwing net      |       |     2 ||     2
 Stab: Held in net/web   |       |     1 ||     1
  Eat: Chunk             |     1 |       ||     1
Armor: Leather armour    |    22 |       ||    22
       Scale mail        |    69 |    22 ||    91
Dodge: Dodged            |   142 |    18 ||   160

Table legend:
 A = Non-vault XP
 B = Vault XP
 C = Vault XP percentage of total XP
 D = Non-vault monster count
 E = Vault monster count
 F = Vault count percentage of total count
                 A         B        C        D         E       F
            +---------+---------+-------+---------+---------+-------
      Total |      85 |      76 |  47.2 |      38 |       5 |  11.6
            +---------+---------+-------+---------+---------+-------
        D:1 |      29 |       5 |  14.7 |      19 |       3 |  13.6
        D:2 |      56 |      71 |  55.9 |      19 |       2 |   9.5
            +---------+---------+-------+---------+---------+-------
